 Seeded DCSS version 0.29.1-2-gbd0b4ee654 (webtiles) character file.

Game seed: 1 (custom seed)

132037 Kazon the Fencer (level 16, -1/145 HPs)
             Began as a Red Draconian Berserker on Oct 31, 2022.
             Was an Elder of Trog.
             Slain by a wolf spider (14 damage)
             ... on level 4 of the Spider Nest on Nov 4, 2022.
             The game lasted 03:17:16 (24535 turns).

Kazon the Fencer (Red Draconian Berserker)         Turns: 24535, Time: 03:17:17

Health: -1/145     AC: 19    Str: 21    XL:     16   Next: 56%
Magic:  2/16       EV: 21    Int: 11    God:    Trog [****..]
Gold:   811        SH: 11    Dex: 23    Spells: 15/15 levels left

rFire   + + +      SeeInvis +   a - +5 Maxwell's thermic engine {flame, freeze}
rCold   . . .      Faith    .   c - +3 warlock's mirror {reflect}
rNeg    . . .      Spirit   .   (body armour unavailable)
rPois   +          Reflect  +   P - +1 hat
rElec   .          Harm     .   o - +2 cloak
rCorr   .          Rampage  .   K - +2 pair of gloves {Dex+3}
Will    +++..                   g - +2 pair of boots
Stlth   ++++++....              Z - amulet "Odemouw" {Contam rPois rF+++ Regen+ Stlth+}
HPRegen 2.14/turn               U - ring of see invisible
MPRegen 0.15/turn               S - +6 ring of dexterity

@: strong-willed, regenerating, studying Shields
A: breathe fire, AC +9, unfitting armour, fire resistance 1, cold-blooded
a: Breathe Fire, Renounce Religion, Berserk, Trog's Hand, Brothers in Arms


You were on level 4 of the Spider Nest.
You worshipped Trog.
Trog was greatly pleased with you.
You visited 3 branches of the dungeon, and saw 23 of its levels.
You also visited: Ice Cave.

You collected 1966 gold pieces.
You spent 1155 gold pieces at shops.

Inventory:

Hand Weapons
 a - the +5 Maxwell's thermic engine (weapon) {flame, freeze}
   (You found it on level 1 of the Lair of Beasts)

   It burns those it strikes, dealing additional fire damage.
   Big, fiery blades are also staple armaments of hydra-hunters.
   It freezes those it strikes, dealing additional cold damage.
   It can also slow down cold-blooded creatures.
   It becomes more effective when it hits something.
   This effect fades over time.
 e - a +2 dagger of venom
 s - the +3 falchion of Winter {venom, rCorr}
   (You bought it in a shop on level 3 of the Dungeon)

   It poisons the flesh of those it strikes.
   rCorr:     It protects you from acid and corrosion.
Missiles
 h - 67 stones
 m - 22 boomerangs
 p - 5 datura-tipped darts
 w - 5 curare-tipped darts
 C - 17 poisoned darts (quivered)
Armour
 c - the +3 warlock's mirror (worn) {reflect}
   (You acquired it on level 1 of the Dungeon)

   It can block and reflect piercing ranged attacks and magical attacks against
   the wielder's willpower.
 g - a +2 pair of boots (worn)
 o - a +2 cloak (worn)
 K - a +2 pair of gloves of dexterity (worn)
 P - a +1 hat (worn)
Jewellery
 b - a ring of protection from cold
 x - a +4 ring of protection
 y - a ring of protection from cold
 S - a +6 ring of dexterity (right hand)
 U - a ring of see invisible (left hand)
 Z - the amulet "Odemouw" (around neck) {Contam rPois rF+++ Regen+ Stlth+}
   (You bought it in a shop on level 8 of the Dungeon)

   [amulet of regeneration]

   rF:        It renders you almost immune to fire.
   rPois:     It protects you from poison.
   Contam:    It causes magical contamination when unequipped.
   Regen:     It increases your rate of health regeneration.
   Stlth:     It makes you more stealthy.
Wands
 f - a wand of mindburst (34)
 G - a wand of paralysis (23)
 H - a wand of roots (17)
 M - a wand of polymorph (11)
Scrolls
 i - 2 scrolls of identify
 k - 5 scrolls of immolation {unknown}
 n - 4 scrolls of fog {unknown}
 q - 6 scrolls of teleportation
 t - 2 scrolls of magic mapping
 u - 3 scrolls of noise {unknown}
 v - 3 scrolls of poison {unknown}
 A - 5 scrolls of enchant weapon {unknown}
 D - 3 scrolls of fear {unknown}
 I - 2 scrolls of summoning {unknown}
 L - 2 scrolls of amnesia {unknown}
 N - a scroll of blinking
 R - 2 scrolls of brand weapon
 V - 2 scrolls of silence
Potions
 d - 4 potions of haste
 j - a potion of resistance
 l - 5 potions of flight
 r - 12 potions of lignification
 z - 3 potions of cancellation
 B - a potion of heal wounds
 E - 5 potions of might
 F - 6 potions of curing
 O - a potion of ambrosia
 Q - 2 potions of invisibility
 W - 2 potions of mutation
Miscellaneous
 J - a condenser vane
 T - a lightning rod (4/4)
 X - a phantom mirror
 Y - a phial of floods


   Skills:
 + Level 13.6 Fighting
 + Level 3.3(10.5) Short Blades
 + Level 15.2(15.4) Long Blades
 + Level 10.1 Throwing
 + Level 11.4 Dodging
 + Level 9.4 Stealth
 + Level 12.3 Shields
 + Level 11.0 Evocations


You had 15 spell levels left.
You didn't know any spells.
Your spell library was empty.

Dungeon Overview and Level Annotations

Branches:
Dungeon (14/15)            Temple (0/1) D:7            Lair (5/5) D:10
 Shoals (0/4) Lair:3       Spider (4/4) Lair:3        Slime (0/5) Lair:4
    Orc (0/2) D:12         Vaults (0/5) D:13          IceCv (visited)

Altars:
Elyvilon
Hepliaklqana
Kikubaaqudgha
Uskayaw
Jiyva

Shops:
D:3 (   D:8 ?(==   D:10 :   D:13 !

Annotations:
D:12 Rupert
D:14 3 runed translucent doors, Foerhozi's ghost, journeyman DgAr


Innate Abilities, Weirdness & Mutations

You can breathe blasts of fire.
Your fiery red scales are hard. (AC +9)
You cannot fit into any form of body armour.
Your flesh is heat resistant. (rF+)
You are cold-blooded and may be slowed by cold attacks.


Message History

You feel sick. The meliai completely misses you. The meliai stings you.
* * * LOW HITPOINT WARNING * * *
The meliai misses you.
The meliai hits your two-headed ogre with a +0 hand axe.
The meliai barely misses you. The meliai completely misses you.
The meliai hits your two-headed ogre with a +0 hand axe.
The meliai stings you.
* * * LOW HITPOINT WARNING * * *
You are more poisoned.
The meliai poisons you! The meliai barely misses you.
The meliai completely misses you.
You hit the meliai. You burn the meliai.
You kill the meliai!
Trog accepts your kill.
You feel very sick. You block the meliai's attack.
The meliai hits your two-headed ogre but does no damage.
The meliai closely misses you. The meliai completely misses you.
The meliai hits your two-headed ogre with a +0 hand axe!
You block the meliai's attack.
Your two-headed ogre hits the meliai with a +0 giant club!!
Your two-headed ogre barely misses the meliai.
You hear a hideous shriek!
You closely miss the meliai.
The meliai is almost dead.
You feel very sick.
You hear an angry buzzing noise.
You hear a faint skittering sound.
The meliai completely misses you.
The meliai hits your two-headed ogre with a +0 hand axe.
You block the meliai's attack. The wolf spider barely misses you.
The wolf spider bites you!
* * * LOW HITPOINT WARNING * * *
You feel better. The meliai barely misses you.
The meliai hits your two-headed ogre with a +0 hand axe!
The meliai barely misses you.
Your two-headed ogre hits the meliai with a +0 giant club!!
The meliai dies!
Trog accepts your kill. The wolf spider hits you!
You die...

#^(. #.......###. #.^###
##..†..†#.#. #
#...#####.†<###..##
#.#..^..#......###..# s
#.###...#......##..#.
....#......†....######.##
^s..s...s.O...### #.#.
.......#s).....# ####
.......#@.....##
.)~..y.######## ~~#.... ~
##y8y #y.. #.8.


You could see a wolf spider, a culicivora and a friendly two-headed ogre
(summoned, berserk).

Vanquished Creatures
  Mara (Spider:3)
  3 emperor scorpions
  2 ghost moths (Spider:4)
  3 broodmothers
  A very ugly thing (IceCv)
  Nessos (D:12)
  A spark wasp (Spider:3)
  Snorg (D:14)
  Azrael (D:12)
  2 entropy weavers
  A fire dragon (D:13)
  Fannar (Lair:2)
  3 hydras
  A caustic shrike simulacrum (IceCv)
  Erolcha (D:10)
  2 catoblepae
  4 boulder beetles
  A vault guard (D:13)
  4 centaur warriors
  A death knight (D:14)
  3 two-headed ogres
  10 death yaks
  6 pharaoh ants
  A fire crab (D:13)
  4 skeletal warriors
  A sun moth (Spider:1)
  Lodul (D:12)
  5 steelbarb worms
  5 spectral wolf spiders (Spider:1)
  4 orb spiders
  A wizard (D:14)
  3 spriggan simulacra (D:14)
  6 wolf spider zombies (Spider:1)
  17 wolf spiders
  3 cyclopes
  A deep elf pyromancer (D:13)
  6 ugly things
  4 manticores
  5 elephants (Lair:4)
  A moth of wrath (Spider:3)
  3 black mambas
  5 torpor snails
  Maggie (D:6)
  3 rime drakes
  An unseen horror (D:12)
  9 cane toads
  7 demonic crawlers
  4 freezing wraiths
  4 kobold demonologists (D:11)
  An anaconda simulacrum (IceCv)
  15 komodo dragons
  A tengu conjurer (D:12)
  An efreet (D:14)
  4 trolls
  3 golden dragon simulacra (IceCv)
  4 meliai (Spider:4)
  Prince Ribbit (D:9)
  A polar bear (Lair:4)
  2 wolf spider simulacra (Spider:1)
  18 tarantellas
  A hornet (shapeshifter) (D:13)
  5 dream sheep (Lair:4)
  17 blink frogs
  A snapping turtle (Lair:3)
  18 culicivoras
  2 shadows
  21 jumping spiders
  2 vampires
  2 dire elephant simulacra (IceCv)
  2 wraiths (D:12)
  63 yaks
  2 fire elementals
  4 wyverns
  5 basilisks
  Eustachio (D:5)
  2 steam dragons
  36 redbacks
  6 vampire mosquitoes
  3 minotaur simulacra (D:14)
  Menkaure (D:5)
  Edmund (D:6)
  4 harpy simulacra (IceCv)
  2 acid dragons
  4 hydra simulacra (IceCv)
  13 water moccasins
  2 hell hounds (D:13)
  5 orc warriors
  An alligator simulacrum (IceCv)
  An ice beast (D:8)
  5 sky beasts
  2 black bears (D:6)
  5 centaurs
  7 ogres
  A wolf (D:10)
  2 phantoms (D:6)
  3 kobold brigands
  3 necrophages
  6 bullfrogs
  2 deep troll simulacra (D:14)
  A gnoll sergeant (D:7)
  10 scorpions
  21 wights
  4 killer bees
  3 electric eels
  2 lindwurm simulacra (IceCv)
  A howler monkey (D:5)
  2 jellies (D:6)
  6 hounds
  7 orc priests
  A gnoll bouda (D:6)
  6 iguanas
  4 orc wizards
  4 hell rats
  Robin (D:3)
  15 gnolls
  13 adders
  3 shadow imps
  2 white imps (D:7)
  An ufetubus (D:5)
  4 worms
  37 orcs
  11 endoplasms
  3 giant cockroaches
  16 goblins
  9 hobgoblins
  A jackal (D:4)
  26 kobolds
  A quokka (D:1)
  5 ball pythons
  4 bats
  3 frilled lizards
  6 rats
706 creatures vanquished.

Vanquished Creatures (collateral kills)
  A ghost moth (Spider:1)
  A very ugly thing (IceCv)
  2 catoblepae (Lair:5)
  A skeletal warrior (D:13)
  2 orange crystal statues (IceCv)
  A wolf spider (Spider:1)
  2 black mambas (Lair:5)
  2 demonic crawlers (Spider:1)
  A rime drake (Lair:5)
  A cane toad (Lair:5)
  A meliai (Spider:4)
  A jumping spider (Spider:3)
  A wyvern (Lair:5)
  3 redbacks (Spider:1)
  2 water moccasins (Lair:5)
22 creatures vanquished.

Vanquished Creatures (others)
  2 centaur simulacra (D:14)
  A bush (Lair:5)
  37 fungi
  60 plants
100 creatures vanquished.

Grand Total: 828 creatures vanquished

Notes
Turn   | Place    | Note
-------+----------+-------------------------------------------
     0 | D:1      | Kazon the Draconian Berserker began the quest for the Orb.
     0 | D:1      | Reached XP level 1. HP: 19/19 MP: 1/1
    32 | D:1      | Identified a scroll of acquirement
    32 | D:1      | Acquired the +3 warlock's mirror {reflect}
    32 | D:1      | Found the +3 warlock's mirror {reflect}
   424 | D:1      | Reached XP level 2. HP: 20/26 MP: 2/2
   984 | D:2      | Reached ** piety under Trog
  1077 | D:2      | Reached XP level 3. HP: 30/33 MP: 3/3
  1489 | D:2      | Reached skill level 4 in Long Blades
  1494 | D:2      | Reached XP level 4. HP: 14/40 MP: 4/4
  1773 | D:3      | Found Umat's Antique Weapon Boutique.
  1802 | D:3      | Bought a crude falchion for 184 gold pieces
  1802 | D:3      | Identified the +3 falchion of Winter {venom, rCorr} (You
                  | bought it in a shop on level 3 of the Dungeon)
  1849 | D:3      | Noticed Robin
  1867 | D:3      | Killed Robin
  1901 | D:3      | Reached XP level 5. HP: 45/46 MP: 5/5
  2012 | D:3      | Reached skill level 5 in Long Blades
  2234 | D:3      | Reached skill level 7 in Long Blades
  2234 | D:3      | Reached skill level 5 in Dodging
  2234 | D:3      | Reached XP level 6. HP: 58/58 MP: 6/6
  2793 | D:4      | Reached *** piety under Trog
  2917 | D:4      | Your scales start taking on a fiery red colour.
  2917 | D:4      | Reached XP level 7. HP: 64/64 MP: 7/7
  2917 | D:4      | Gained mutation: Your flesh is heat resistant. (rF+) [Red
                  | Draconian growth]
  3127 | D:4      | Found a hazy altar of Hepliaklqana.
  3332 | D:5      | Entered Level 5 of the Dungeon
  3386 | D:5      | Noticed Eustachio
  3409 | D:5      | Killed Eustachio
  3410 | D:5      | Reached skill level 5 in Shields
  3665 | D:5      | Reached XP level 8. HP: 66/73 MP: 8/8
  3927 | D:5      | Reached skill level 5 in Stealth
  4015 | D:5      | Noticed Menkaure
  4026 | D:5      | Killed Menkaure
  4501 | D:6      | Noticed Edmund
  4505 | D:6      | Reached skill level 8 in Long Blades
  4512 | D:6      | Killed Edmund
  4618 | D:6      | Reached XP level 9. HP: 42/79 MP: 9/9
  5051 | D:6      | Reached **** piety under Trog
  5319 | D:6      | Noticed Maggie
  5336 | D:6      | Killed Maggie
  5580 | D:6      | Reached skill level 9 in Long Blades
  5784 | D:7      | Reached skill level 1 in Evocations
  6059 | D:7      | Reached XP level 10. HP: 63/90 MP: 10/10
  6076 | D:7      | Reached ***** piety under Trog
  6176 | D:7      | Found a white marble altar of Elyvilon.
  6274 | D:7      | Found a staircase to the Ecumenical Temple.
  6299 | D:7      | Found a hide-covered altar of Uskayaw.
  6629 | D:8      | Found Esumer's Weapon Shop.
  6989 | D:8      | Found Heidghoki's Jewellery Shop.
  7119 | D:8      | Found Quzidd's Magic Scroll Emporium.
  7128 | D:8      | Bought a scroll of teleportation for 42 gold pieces
  7282 | D:8      | Found Zoxtaeshakh's Jewellery Boutique.
  7504 | D:9      | Received a gift from Trog
  7725 | D:9      | Reached skill level 1 in Short Blades
  7911 | D:9      | Noticed a two-headed ogre
  7931 | D:9      | Killed a two-headed ogre
  8000 | D:9      | Noticed Prince Ribbit
  8050 | D:9      | Killed Prince Ribbit
  8333 | D:10     | Entered Level 10 of the Dungeon
  8497 | D:10     | Reached skill level 5 in Throwing
  8775 | D:10     | Reached XP level 11. HP: 62/97 MP: 11/11
  8985 | D:10     | Found a staircase to the Lair.
  9034 | D:10     | Identified the +5 long sword of the Land of Plenty {drain,
                  | Dex+3}
  9048 | D:10     | Noticed Erolcha
  9053 | D:10     | Killed Erolcha
  9054 | D:10     | Reached skill level 10 in Long Blades
  9077 | D:10     | Found Juagoaq's Book Shoppe.
  9710 | Lair:1   | Entered Level 1 of the Lair of Beasts
  9841 | Lair:1   | Received a gift from Trog
  9882 | Lair:1   | Found the +2 Maxwell's thermic engine {flame, freeze}
 10461 | Lair:1   | Reached skill level 5 in Evocations
 10474 | Lair:1   | You fall into a shaft and drop 1 floor!
 10902 | Lair:2   | Reached XP level 12. HP: 104/106 MP: 12/12
 10902 | Lair:2   | Noticed Fannar
 10922 | Lair:2   | Killed Fannar
 10923 | Lair:2   | Reached skill level 11 in Long Blades
 10950 | Lair:2   | Noticed a catoblepas
 10975 | Lair:2   | Killed a catoblepas
 11641 | Lair:2   | Reached skill level 10 in Fighting
 11696 | Lair:3   | Noticed a death yak
 11696 | Lair:3   | Noticed a death yak
 11700 | Lair:3   | Noticed a death yak
 12025 | Lair:3   | Found a staircase to the Shoals.
 12074 | Lair:3   | Found an ancient bone altar of Kikubaaqudgha.
 12151 | Lair:3   | Noticed a death yak
 12174 | Lair:3   | Killed a death yak
 12213 | Lair:3   | Killed a death yak
 12224 | Lair:3   | Killed a death yak
 12234 | Lair:3   | Killed a death yak
 12470 | Lair:3   | Found a hole to the Spider Nest.
 12916 | Lair:4   | Received a gift from Trog
 12936 | Lair:4   | Reached skill level 12 in Long Blades
 13126 | Lair:4   | Identified the +3 battleaxe "Adididghufym" {antimagic, rF+
                  | Will+}
 13196 | Lair:4   | Reached XP level 13. HP: 60/114 MP: 13/13
 13698 | Lair:4   | Found a staircase to the Slime Pits.
 13698 | Lair:4   | Found a viscous altar of Jiyva.
 13907 | Lair:5   | Entered Level 5 of the Lair of Beasts
 15687 | D:8      | Bought the amulet "Odemouw" {Contam rPois rF+++ Regen+
                  | Stlth+} for 734 gold pieces
 15797 | D:11     | Reached skill level 13 in Long Blades
 15876 | D:11     | Reached XP level 14. HP: 124/124 MP: 14/14
 16613 | D:12     | Noticed Nessos
 16618 | D:12     | Killed Nessos
 16683 | D:12     | Found a staircase to the Orcish Mines.
 17011 | D:12     | Noticed Lodul
 17019 | D:12     | Killed Lodul
 17245 | D:12     | Noticed Rupert
 17734 | D:13     | Found a gate to the Vaults.
 17847 | D:13     | Noticed Azrael
 17859 | D:12     | Killed Azrael
 18056 | D:13     | Found Ituota Roil's Distillery.
 18311 | D:14     | Found a runed translucent gate.
 18318 | D:14     | Found a runed translucent gate.
 18318 | D:14     | Found a runed translucent gate.
 18318 | D:14     | Noticed Foerhozi's ghost (journeyman DgAr)
 18390 | D:14     | Identified the +6 scale mail "Voetobuo" {Int-3 Dex+8}
 18422 | D:14     | Noticed Snorg
 18434 | D:14     | Killed Snorg
 18435 | D:14     | Reached skill level 10 in Evocations
 18511 | D:14     | Found a frozen archway.
 18677 | IceCv    | Entered an ice cave
 18830 | IceCv    | Noticed a white very ugly thing
 18846 | IceCv    | Killed a white very ugly thing
 18941 | IceCv    | Noticed a white very ugly thing
 18944 | IceCv    | Killed a white very ugly thing
 18945 | IceCv    | Reached XP level 15. HP: 83/132 MP: 1/15
 19365 | D:14     | Reached skill level 14 in Long Blades
 19945 | Spider:1 | Entered Level 1 of the Spider Nest
 20528 | D:8      | Bought a ring of see invisible for 195 gold pieces
 20529 | D:8      | Acquired a manual of Shields
 20633 | Spider:1 | Reached skill level 10 in Dodging
 21431 | Spider:1 | Reached skill level 10 in Shields
 21589 | Spider:1 | Received a gift from Trog
 21684 | Spider:1 | Noticed an emperor scorpion
 21695 | Spider:1 | Killed an emperor scorpion
 21707 | Spider:1 | You fall into a shaft and drop 1 floor!
 22578 | Spider:2 | Noticed an emperor scorpion
 22593 | Spider:2 | Killed an emperor scorpion
 22619 | Spider:2 | Reached XP level 16. HP: 123/143 MP: 16/16
 23158 | Spider:3 | Received a gift from Trog
 23350 | Spider:3 | Reached skill level 10 in Throwing
 24243 | Spider:4 | Entered Level 4 of the Spider Nest
 24243 | Spider:4 | Noticed Mara
 24250 | Spider:3 | Reached skill level 15 in Long Blades
 24252 | Spider:3 | Noticed Kazon's illusion
 24277 | Spider:3 | Killed Mara
 24534 | Spider:4 | HP: 4/145 [wolf spider (8)]
 24535 | Spider:4 | Slain by a wolf spider

Illustrated notes

Levels and vault maps discovered:
D:1:      dpeg_arrival_three_smaller_balls, layout_basic
D:2:      layout_loops_ring
D:3:      layout_basic, serial_shops, nicolae_shop_stone, st_stairs_9,
          minmay_misc_feat_doors, eino_curves_03, uniq_robin
D:4:      minmay_wonky_spiral, layout_basic,
          mainiacjoe_overflow_surrounded_room, minivault_5
D:5:      layout_cave_pods, uniq_menkaure, uniq_eustachio
D:6:      cheibrodos_barr_body, layout_basic, minmay_crystal_room,
          minmay_pentangle, uniq_maggie, uniq_edmund
D:7:      layout_cave_pools, nicolae_uskayaw_murder_on_the_dancefloor,
          elyvilon_altar_4, minmay_temple_entry_purple_smoke
D:8:      layout_basic, serial_shops, shop_statue, kennysheep_little_box, shop,
          nicolae_shop_window_shopping
D:9:      layout_cave_pools, uniq_prince_ribbit1
D:10:     layout_stronghold, erik_lair_island, serial_shops,
          nicolae_shop_statue_plus, uniq_erolcha
D:11:     layout_roguey
D:12:     layout_loops_ring, orc_0_dummy, chequers_serial_rivers_marsh,
          uniq_lodul, uniq_nessos, uniq_rupert
D:13:     layout_gridville, david_vaults_5, serial_shops,
          nicolae_shop_behind_doors, minmay_fractal_squares_gapless_5,
          uniq_azrael
D:14:     layout_roguey, minmay_misc_feat_secret_circle, gammafunk_ghost_split,
          portal_ice_cave_entry_ice_simulacra, uniq_snorg
Lair:1:   layout_long_grid, fungi_pond_lemuel, cheibrodos_lair_reptile_den
Lair:2:   layout_gridlike, uniq_fannar
Lair:3:   layout_roguey, minmay_shoals_entry_hut,
          nicolae_spider_entry_non_spiders, basic_altar, serial_bayou_crossing
Lair:4:   layout_gridlike, slime_entry_1, serial_rivers,
          chequers_serial_rivers_room_a, chequers_serial_rivers_micro_c,
          chequers_serial_rivers_room_a, chequers_serial_rivers_micro_e,
          minivault_27, grunt_megastairs_3, infiniplex_staircase_pool_2
Lair:5:   evilmike_catoblepas_cave, layout_long_grid
Spider:1: layout_chambers, nicolae_spider_undead_wolf_pack
Spider:2: layout_cave_pods
Spider:3: layout_spider_delve
Spider:4: floodkiller_spider_rune_tomb, special_room [special_room_bee],
          uniq_mara

Skill      XL: |  1  2  3  4  5  6  7  8  9 10 11 12 13 14 15 16 |
---------------+-------------------------------------------------+-----
Dodging        | 3 5 6 7 8 9 10 11 | 11.4
Long Blades    | 4 7 8 9 10 12 13 14 15 | 15.2
Fighting       | 6 7 8 9 10 11 12 13 | 13.6
Throwing       | 4 5 6 7 8 9 10 | 10.1
Stealth        | 4 5 6 7 8 9 |  9.4
Shields        | 4 5 6 7 8 10 12 | 12.3
Evocations     | 1 3 5 7 8 10 11 | 11.0
Short Blades   | 1 3 |  3.3

Action                   |  1- 3 |  4- 6 |  7- 9 | 10-12 | 13-15 | 16-18 || total
-------------------------+-------+-------+-------+-------+-------+-------++-------
Melee: Falchion          |    88 |    80 |   295 |   437 |   384 |   147 ||  1431
       Tailslap          |    10 |     9 |    38 |    87 |   202 |    64 ||   410
       Dagger            |    12 |     9 |       |    29 |    84 |    19 ||   153
       Long sword        |       |       |       |    86 |       |       ||    86
       Double sword      |       |       |       |    65 |   334 |   133 ||   532
Throw: Stone             |     2 |    18 |    47 |    54 |    37 |       ||   158
       Boomerang         |       |       |       |    32 |    66 |     2 ||   100
       Dart              |       |       |       |    78 |   125 |    54 ||   257
Invok: Berserk           |       |     2 |     2 |     7 |    13 |     4 ||    28
       Trog's Hand       |       |     1 |       |     3 |     6 |     2 ||    12
       Brothers in Arms  |       |       |       |       |     8 |     2 ||    10
 Abil: Breathe Fire      |       |       |    17 |    41 |    58 |     8 ||   124
Evoke: Wand              |       |       |     1 |     1 |    49 |     1 ||    52
       Condenser vane    |       |       |       |     1 |     3 |       ||     4
       Lightning rod     |       |       |       |       |     7 |       ||     7
       Phial of floods   |       |       |       |       |       |     1 ||     1
  Use: Scroll            |     1 |       |     9 |     4 |     8 |     3 ||    25
       Potion            |       |     1 |       |       |     3 |     2 ||     6
 Stab: Sleeping          |       |     4 |     3 |     9 |    33 |     3 ||    52
       Petrified         |       |       |       |     6 |     5 |       ||    11
       Paralysed         |       |       |       |     2 |     4 |     1 ||     7
       Distracted        |       |       |       |       |     2 |       ||     2
Armor: Skin              |    22 |    27 |    59 |    88 |   254 |    86 ||   536
Dodge: Dodged            |    68 |    47 |   115 |   274 |   473 |   263 ||  1240
Block: Buckler           |    24 |    16 |    91 |   176 |   350 |   168 ||   825
       Reflection        |       |     1 |     4 |    10 |     5 |       ||    20
